 Dungeon Crawl Stone Soup version 0.21.1-1-g345015f (webtiles) character file.

2065 Kairos the Shield-Bearer (level 9, -1/73 HPs)
             Began as a Gnoll Fighter on Apr 24, 2018.
             Was an Initiate of Gozag.
             Slain by an orc warrior
             ... wielding a +0 glaive
              (33 damage)
             ... on level 6 of the Dungeon.
             The game lasted 00:13:01 (6967 turns).

Kairos the Shield-Bearer (Gnoll Fighter)            Turns: 6967, Time: 00:13:02

Health: -1/73      AC:  8    Str: 21    XL:     9   Next: 26%
Magic:  15/15      EV: 10    Int: 11    God:    Gozag
Gold:   225        SH: 12    Dex: 15    Spells: 16/16 levels left

rFire    . . .     SeeInvis .   v - +1 demon trident (elec)
rCold    . . .     Gourm    .   c - +1 shield
rNeg     . . .     Faith    .   b - +0 scale mail
rPois    .         Spirit   .   (no helmet)
rElec    .         Reflect  .   (no cloak)
rCorr    .         Harm     +   (no gloves)
MR       +....                  (no boots)
Stlth    +.........             i - amulet of harm
HPRegen  0.22/turn              e - ring of protection from magic
MPRegen  0.14/turn              (no ring)

@: drained
A: distributed training, fangs 1, strong nose
a: Potion Petition, Call Merchant, Bribe Branch, Renounce Religion


You were on level 6 of the Dungeon.
You worshipped Gozag.
Gozag was aware of your devotion.
You were not hungry.

You visited 1 branch of the dungeon, and saw 7 of its levels.
You also visited: Sewer.

You collected 649 gold pieces.
You spent 378 gold pieces at shops.
You paid 46 gold pieces to Gozag.

Inventory:

Hand Weapons
 a - a +0 war axe
 v - a +1 demon trident of electrocution (weapon)
 A - a +3 morningstar of freezing
Missiles
 k - a throwing net (quivered)
 x - 5 tomahawks
Armour
 b - a +0 scale mail (worn)
 c - a +1 shield (worn)
Jewellery
 e - a ring of protection from magic (left hand)
 i - an amulet of harm (around neck)
 u - an uncursed amulet of guardian spirit {unknown}
Wands
 o - a wand of disintegration (10)
Scrolls
 g - a scroll of remove curse {unknown}
 h - 4 scrolls of identify {unknown}
 j - 3 scrolls of enchant armour
 m - a scroll of random uselessness {unknown}
 n - 2 scrolls of blinking {unknown}
 q - 2 scrolls of teleportation {unknown}
 t - 2 scrolls of magic mapping {unknown}
 w - a scroll of amnesia {unknown}
 y - a scroll of immolation {unknown}
Potions
 d - 3 potions of might
 l - 2 potions of heal wounds
 p - 2 potions of brilliance {unknown}
 r - 2 potions of flight {unknown}
 s - a potion of magic {unknown}
 z - a potion of curing
Comestibles
 f - 10 rations


   Skills:
 + Level 7.7(7.4) Fighting
 + Level 4.0(3.6) Short Blades
 + Level 4.0(3.6) Long Blades
 + Level 6.1(5.8) Axes
 + Level 4.0(3.6) Maces & Flails
 + Level 4.0(3.6) Polearms
 + Level 4.0(3.6) Staves
 + Level 4.0(3.6) Slings
 + Level 4.0(3.6) Bows
 + Level 4.0(3.6) Crossbows
 + Level 4.0(3.6) Throwing
 + Level 7.7(7.4) Armour
 + Level 4.0(3.6) Dodging
 + Level 4.0(3.6) Stealth
 + Level 7.7(7.4) Shields
 + Level 4.0(3.6) Unarmed Combat
 + Level 4.0(3.6) Spellcasting
 + Level 3.3(2.9) Conjurations
 + Level 3.3(2.9) Hexes
 + Level 3.3(2.9) Charms
 + Level 3.3(2.9) Summonings
 + Level 3.3(2.9) Necromancy
 + Level 3.3(2.9) Translocations
 + Level 3.3(2.9) Transmutations
 + Level 3.3(2.9) Fire Magic
 + Level 3.3(2.9) Ice Magic
 + Level 3.3(2.9) Air Magic
 + Level 3.3(2.9) Earth Magic
 + Level 3.3(2.9) Poison Magic
 + Level 4.4(4.0) Invocations
 + Level 4.0(3.6) Evocations


You had 16 spell levels left.
You didn't know any spells.

Dungeon Overview and Level Annotations

Branches:
Dungeon (7/15)             Temple (0/1) D:4

Altars:
Cheibriados
Fedhas
Gozag
Kikubaaqudgha
Qazlal
Wu Jian

Shops:
D:4 *   D:5 (


Innate Abilities, Weirdness & Mutations

Your experience applies equally to all skills.
You have very sharp teeth.
Your uncanny sense of smell can sniff out nearby items.


Message History

The orc warrior is almost dead.
You block the orc warrior's attack.
You closely miss the orc warrior.
The orc warrior is almost dead.
The orc priest mumbles some strange prayers to Beogh against you.
Beogh smites you!
You are too injured to fight recklessly!
You are too injured to fight recklessly!
You are too injured to fight recklessly!
You are too injured to fight recklessly!
The orc warrior hits you with a glaive.
The orc priest looks braver for a moment.
You climb upwards.
There is a stone staircase leading down here.
You hit the orc warrior but do no damage.
Your bite misses the orc warrior.
The orc warrior is almost dead.
The orc warrior hits you with a glaive!!
You die...
Your body crumbles into a pile of gold.

.....## #.## #.# # ......# #..#
#.# # ...##.## #..### ##.# #
...##..## ##.#.###########..# #
..####..######.#..#..........## #
..# ##.........#...#########..# #
..###..###.(........# #..###
.......# #####......## #...##
.####..# ###....@....## ##....#
.## ##.###.....o..##..## ##......
..# #.......#.....##).###.......
..####...#####.....###..#........
...##..### #......###..........
........# #......####.........
...###..## #...#....###........
.### ##..#####....#..............
## ##.(....................#..


You could see an orc warrior.

Vanquished Creatures
  2 water moccasins
  An orc warrior (D:6)
  2 phantoms (D:4)
  2 sky beasts (D:5)
  An ogre (D:5)
  2 centaurs
  A big kobold (Sewer)
  A bullfrog (D:6)
  The ghost of darumender the Cudgeler, a weakling DsBe of Trog (D:6)
  3 wights (D:7)
  2 hounds (D:5)
  An orc priest (D:5)
  3 bullfrog skeletons
  2 iguanas (D:6)
  Jessica (D:3)
  2 centaur skeletons (D:4)
  Natasha (twice) (D:4)
  3 orc wizards
  3 worker ants
  A hound skeleton (D:5)
  A howler monkey skeleton (D:4)
  11 adders
  3 gnolls (D:5)
  3 river rats
  4 oozes
  5 worms
  2 dart slugs (D:1)
  6 leopard geckos
  23 orcs
  3 ball pythons
  6 bats
  2 giant cockroaches
  4 goblins
  6 hobgoblins
  7 jackals
  A quokka (D:2)
  5 frilled lizards
  15 kobolds
  A leopard gecko skeleton (D:5)
  10 rats
154 creatures vanquished.

Notes
Turn   | Place    | Note
-------+----------+-------------------------------------------
     0 | D:1      | Kairos the Gnoll Fighter began the quest for the Orb.
     0 | D:1      | Reached XP level 1. HP: 23/23 MP: 1/1
    74 | D:1      | Reached XP level 2. HP: 29/29 MP: 2/2
   416 | D:1      | Reached XP level 3. HP: 34/35 MP: 3/3
   649 | D:2      | Found an ornate altar of the Wu Jian Council.
   693 | D:2      | Reached skill level 1 in Invocations
   769 | D:2      | Found a blossoming altar of Fedhas.
   771 | D:2      | Found an ancient bone altar of Kikubaaqudgha.
   855 | D:2      | Reached skill level 1 in Short Blades
   855 | D:2      | Reached skill level 1 in Long Blades
   855 | D:2      | Reached skill level 1 in Maces & Flails
   855 | D:2      | Reached skill level 1 in Polearms
   855 | D:2      | Reached skill level 1 in Staves
   855 | D:2      | Reached skill level 1 in Slings
   855 | D:2      | Reached skill level 1 in Bows
   855 | D:2      | Reached skill level 1 in Crossbows
   855 | D:2      | Reached skill level 1 in Throwing
   855 | D:2      | Reached skill level 1 in Dodging
   855 | D:2      | Reached skill level 1 in Stealth
   855 | D:2      | Reached skill level 1 in Unarmed Combat
   855 | D:2      | Reached skill level 1 in Spellcasting
   855 | D:2      | Reached skill level 1 in Evocations
  1172 | D:3      | Reached XP level 4. HP: 36/41 MP: 5/5
  1619 | D:3      | Noticed Jessica
  1622 | D:3      | Reached skill level 1 in Conjurations
  1622 | D:3      | Reached skill level 1 in Hexes
  1622 | D:3      | Reached skill level 1 in Charms
  1622 | D:3      | Reached skill level 1 in Summonings
  1622 | D:3      | Reached skill level 1 in Necromancy
  1622 | D:3      | Reached skill level 1 in Translocations
  1622 | D:3      | Reached skill level 1 in Transmutations
  1622 | D:3      | Reached skill level 1 in Fire Magic
  1622 | D:3      | Reached skill level 1 in Ice Magic
  1622 | D:3      | Reached skill level 1 in Air Magic
  1622 | D:3      | Reached skill level 1 in Earth Magic
  1622 | D:3      | Reached skill level 1 in Poison Magic
  1639 | D:3      | Killed Jessica
  1639 | D:3      | Reached XP level 5. HP: 34/47 MP: 6/6
  1652 | D:3      | Noticed a centaur
  1661 | D:3      | Killed a centaur
  1711 | D:3      | Found a glowing drain.
  1720 | Sewer    | Entered a sewer
  1732 | Sewer    | Reached XP level 6. HP: 32/53 MP: 8/8
  2013 | Sewer    | Reached skill level 5 in Axes
  2779 | D:4      | Noticed Natasha
  2789 | D:4      | Killed Natasha
  2816 | D:4      | Noticed a phantom
  2836 | D:4      | Reached XP level 7. HP: 43/59 MP: 10/10
  2910 | D:4      | Found Cishronk's General Store.
  2972 | D:4      | Found an opulent altar of Gozag.
  3019 | D:4      | Became a worshipper of Gozag Ym Sagoz the Greedy
  3131 | D:4      | Found a staircase to the Ecumenical Temple.
  3156 | D:4      | Found a snail-covered altar of Cheibriados.
  3157 | D:4      | Found a stormy altar of Qazlal.
  3496 | D:4      | Noticed Natasha
  3504 | D:4      | Killed Natasha
  3769 | D:5      | Entered Level 5 of the Dungeon
  3796 | D:5      | Reached XP level 8. HP: 41/67 MP: 12/12
  4144 | D:5      | Found Qazil's Antique Weapon Boutique.
  5253 | D:5      | Bought a runed demon trident for 378 gold pieces
  5747 | D:6      | Reached XP level 9. HP: 63/72 MP: 14/14
  6022 | D:6      | Noticed darumender's ghost (weakling DsBe)
  6069 | D:6      | Killed darumender's ghost
  6967 | D:6      | Slain by an orc warrior

Skill      XL: |  1  2  3  4  5  6  7  8  9 |
---------------+----------------------------+-----
Invocations    | 1 2 3 4 |  4.4
Short Blades   | 1 2 3 4 |  4.0
Long Blades    | 1 2 3 4 |  4.0
Maces & Flails | 1 2 3 4 |  4.0
Polearms       | 1 2 3 4 |  4.0
Staves         | 1 2 3 4 |  4.0
Slings         | 1 2 3 4 |  4.0
Bows           | 1 2 3 4 |  4.0
Crossbows      | 1 2 3 4 |  4.0
Throwing       | 1 2 3 4 |  4.0
Dodging        | 1 2 3 4 |  4.0
Stealth        | 1 2 3 4 |  4.0
Unarmed Combat | 1 2 3 4 |  4.0
Spellcasting   | 1 2 3 4 |  4.0
Evocations     | 1 2 3 4 |  4.0
Conjurations   | 1 2 3 |  3.3
Hexes          | 1 2 3 |  3.3
Charms         | 1 2 3 |  3.3
Summonings     | 1 2 3 |  3.3
Necromancy     | 1 2 3 |  3.3
Translocations | 1 2 3 |  3.3
Transmutations | 1 2 3 |  3.3
Fire Magic     | 1 2 3 |  3.3
Ice Magic      | 1 2 3 |  3.3
Air Magic      | 1 2 3 |  3.3
Earth Magic    | 1 2 3 |  3.3
Poison Magic   | 1 2 3 |  3.3
Axes           | 5 6 |  6.1
Fighting       | 7 |  7.7
Armour         | 7 |  7.7
Shields        | 7 |  7.7

Action                   |  1- 3 |  4- 6 |  7- 9 || total
-------------------------+-------+-------+-------++-------
Melee: War axe           |   105 |   165 |   182 ||   452
       Bite              |    10 |    17 |    27 ||    54
       Demon trident     |       |       |    74 ||    74
Throw: Throwing net      |       |       |     1 ||     1
Evoke: Wand              |       |     4 |       ||     4
  Use: Scroll            |       |     2 |       ||     2
       Potion            |       |     6 |     3 ||     9
 Stab: Held in net/web   |       |       |     1 ||     1
       Sleeping          |       |       |     1 ||     1
  Eat: Chunk             |       |     7 |       ||     7
       Ration            |       |       |     4 ||     4
Armor: Scale mail        |    35 |    52 |    65 ||   152
Dodge: Dodged            |    41 |    53 |    89 ||   183
Block: Shield            |    60 |   103 |   152 ||   315
